TOP OF THE 1ST |
Peoria Chiefs batting - Pitching for Hartford Yard Goats : RHP Sipi Kilpinen
|
Pitching: RHP Sipi Kilpinen
|
|
Batting: SHB Bobby O'Leary
|
0-0: Ball 1-0: Called Strike 1-1: Ball 2-1: Foul Ball, location: 2F 2-2: Ball 3-2: Base on Balls
|
Batting: RHB Mark Marks
|
0-0: Ball Bobby O'Leary steals 2nd, throwing error, E2 Bobby O'Leary to third 1-0: DOUBLE (Flyball, 9LM, EV 115.6 MPH) Bobby O'Leary scores
|
Batting: RHB Travis Leonard
|
0-0: Ball 1-0: Called Strike 1-1: Ball 2-1: Ball 3-1: Swinging Strike 3-2: Foul Ball, location: 2F 3-2: Strikes out looking
|
Batting: LHB Jay Fenderson
|
0-0: Ball 1-0: Ground out 5-3 (Groundball, 56, EV 83.1 MPH)
|
Batting: RHB Terry Baginski
|
0-0: SINGLE (Groundball, 6MD, EV 104.4 MPH) Mark Marks to third Runner from 3rd tries for Home, SAFE, throw by CF to home Terry Baginski to second
|
Batting: LHB Ken Compton
|
0-0: Ball 1-0: Ball 2-0: Ground out 1-3 (Groundball, 34S, EV 64.4 MPH)
|
Top of the 1st over - 2 runs, 2 hits, 1 error, 1 left on base; Peoria 2 - Hartford 0 |
BOTTOM OF THE 1ST |
Hartford Yard Goats batting - Pitching for Peoria Chiefs : RHP El-Shamy Saami
|
Pitching: RHP El-Shamy Saami
|
|
Batting: SHB Eddie Quinones
|
0-0: Ball 1-0: Fly out, F7 (Line Drive, 7, EV 91.9 MPH)
|
Batting: SHB Jon Munoz
|
0-0: Foul Ball, location: 2F 0-1: Ball 1-1: Called Strike 1-2: Strikes out looking
|
Batting: SHB In-sung Lee
|
0-0: Ball 1-0: Foul Ball, location: 2F 1-1: Fly out, F1 (Line Drive, P, EV 69.4 MPH)
|
Bottom of the 1st over - 0 runs, 0 hits, 0 errors, 0 left on base; Peoria 2 - Hartford 0 |
TOP OF THE 2ND |
Peoria Chiefs batting - Pitching for Hartford Yard Goats : RHP Sipi Kilpinen
|
Batting: LHB Jayden Thomas
|
0-0: Foul Ball, location: 2F 0-1: Called Strike 0-2: Ball 1-2: Strikes out swinging
|
Batting: RHB Justin Reich
|
0-0: Ball 1-0: Ball 2-0: Swinging Strike 2-1: Called Strike 2-2: Foul Ball, location: 2F 2-2: Foul Ball, location: 2F 2-2: Foul Ball, location: 2F 2-2: Reached on error, E4 (Line Drive, 4, EV 70.0 MPH)
|
Batting: SHB Steve Barnett
|
0-0: Called Strike 0-1: Foul Ball, location: 2F 0-2: Foul Ball, location: 2F 0-2: Foul Ball, location: 2F 0-2: Ball 1-2: Ball 2-2: Ball 3-2: Base on Balls Justin Reich to second
|
Batting: SHB Bobby O'Leary
|
0-0: Called Strike Justin Reich is caught stealing 3rd base 2-5 Steve Barnett to second 0-1: Ground out 1-3 (Groundball, 13, EV 74.4 MPH)
|
Top of the 2nd over - 0 runs, 0 hits, 1 error, 1 left on base; Peoria 2 - Hartford 0 |
BOTTOM OF THE 2ND |
Hartford Yard Goats batting - Pitching for Peoria Chiefs : RHP El-Shamy Saami
|
Batting: LHB Jeremy Brammer
|
0-0: Ball 1-0: Ball 2-0: Foul Ball, location: 2F 2-1: Foul Ball, location: 2F 2-2: Ball 3-2: Strikes out swinging
|
Batting: RHB Justin Williams
|
0-0: Ball 1-0: Ball 2-0: Foul Ball, location: 2F 2-1: Swinging Strike 2-2: Foul Ball, location: 2F 2-2: Foul Ball, location: 2F 2-2: Ball 3-2: SINGLE (Groundball, 4MD, EV 102.5 MPH)
|
Batting: RHB Kian-tat Chen
|
0-0: Ball 1-0: Ball 2-0: DOUBLE (Groundball, 5L, EV 102.5 MPH) Justin Williams to third
|
Batting: RHB Eric Garrett
|
0-0: Ball 1-0: Ground out 6-3 (Groundball, 6, EV 104.4 MPH) Justin Williams scores
|
Batting: RHB Randy Breitbart
|
0-0: Ball 1-0: Foul Ball, location: 2F 1-1: Foul Ball, location: 2F 1-2: Ground out 4-3 (Groundball, 4, EV 100.0 MPH)
|
Bottom of the 2nd over - 1 run, 2 hits, 0 errors, 1 left on base; Peoria 2 - Hartford 1 |
TOP OF THE 3RD |
Peoria Chiefs batting - Pitching for Hartford Yard Goats : RHP Sipi Kilpinen
|
Batting: RHB Mark Marks
|
0-0: Ball 1-0: Ball 2-0: Fly out, F5 (Line Drive, 5, EV 65.0 MPH)
|
Batting: RHB Travis Leonard
|
0-0: Called Strike 0-1: Ball 1-1: Ball 2-1: Called Strike 2-2: Strikes out swinging
|
Batting: LHB Jay Fenderson
|
0-0: Called Strike 0-1: Ball 1-1: Ground out 6-3 (Groundball, 6, EV 93.1 MPH)
|
Top of the 3rd over - 0 runs, 0 hits, 0 errors, 0 left on base; Peoria 2 - Hartford 1 |
BOTTOM OF THE 3RD |
Hartford Yard Goats batting - Pitching for Peoria Chiefs : RHP El-Shamy Saami
|
Batting: SHB Jamie Locke
|
0-0: Called Strike 0-1: Called Strike 0-2: Ball 1-2: Foul Ball, location: 2F 1-2: Ground out 6-3 (Groundball, P, EV 89.4 MPH)
|
Batting: SHB Eddie Quinones
|
0-0: Called Strike 0-1: Ball 1-1: Swinging Strike 1-2: Ball 2-2: Foul Ball, location: 2F 2-2: Ball 3-2: Base on Balls
|
Batting: SHB Jon Munoz
|
0-0: Ball Eddie Quinones steals 2nd base 1-0: Ball 2-0: Called Strike 2-1: Called Strike 2-2: Ball 3-2: Foul Ball, location: 2F 3-2: Foul Ball, location: 2F 3-2: Foul Ball, location: 2F 3-2: Base on Balls
|
Batting: SHB In-sung Lee
|
0-0: Ball Eddie Quinones steals 3rd base 1-0: Called Strike 1-1: Foul Ball, location: 2F 1-2: Ball 2-2: Fielders Choice at 2nd, 3-6 (Groundball, 3, EV 84.4 MPH) Eddie Quinones scores
|
Batting: LHB Jeremy Brammer
|
0-0: Ball 1-0: Ball In-sung Lee steals 2nd base 2-0: Ball 3-0: Base on Balls
|
Batting: RHB Justin Williams
|
0-0: Ball 1-0: Called Strike 1-1: SINGLE (Line Drive, 3D, EV 103.8 MPH) In-sung Lee to third Jeremy Brammer to second Runner from 3rd tries for Home, throw by RF and OUT! 9-2
|
Bottom of the 3rd over - 1 run, 1 hit, 0 errors, 2 left on base; Peoria 2 - Hartford 2 |
TOP OF THE 4TH |
Peoria Chiefs batting - Pitching for Hartford Yard Goats : RHP Sipi Kilpinen
|
Batting: RHB Terry Baginski
|
0-0: Ball 1-0: Ball 2-0: Ball 3-0: Called Strike 3-1: Base on Balls
|
Batting: LHB Ken Compton
|
0-0: Ball 1-0: Called Strike Terry Baginski steals 2nd base 1-1: TRIPLE (Groundball, 3L, EV 101.9 MPH) Terry Baginski scores
|
Batting: LHB Jayden Thomas
|
0-0: Foul Ball, location: 2F 0-1: Ball 1-1: Ball 2-1: Foul Ball, location: 2F 2-2: Ball 3-2: Foul Ball, location: 2F 3-2: Foul Ball, location: 2F 3-2: Ground out 4-3 (Groundball, 4, EV 101.2 MPH) Ken Compton scores
|
Batting: RHB Justin Reich
|
0-0: Ball 1-0: Foul Ball, location: 2F 1-1: Foul Ball, location: 2F 1-2: Ball 2-2: Foul Ball, location: 2F 2-2: SINGLE (Groundball, 6M, EV 106.2 MPH)
|
Batting: SHB Steve Barnett
|
0-0: Ball 1-0: Foul Ball, location: 2F 1-1: Ball 2-1: Foul Ball, location: 2F 2-2: Foul Ball, location: 2F 2-2: Strikes out swinging
|
Batting: SHB Bobby O'Leary
|
0-0: Called Strike 0-1: Ball 1-1: Ball 2-1: Ground out 4-3 (Groundball, 4, EV 85.6 MPH)
|
Top of the 4th over - 2 runs, 2 hits, 0 errors, 1 left on base; Peoria 4 - Hartford 2 |
BOTTOM OF THE 4TH |
Hartford Yard Goats batting - Pitching for Peoria Chiefs : RHP El-Shamy Saami
|
Batting: RHB Kian-tat Chen
|
0-0: Ball 1-0: Ball 2-0: Called Strike 2-1: Ground out 6-3 (Groundball, 6, EV 98.8 MPH)
|
Batting: RHB Eric Garrett
|
0-0: Ball 1-0: DOUBLE (Flyball, 89XD, EV 110.0 MPH)
|
Batting: RHB Randy Breitbart
|
0-0: Called Strike 0-1: Ball 1-1: Fly out, F7 (Flyball, 7S, EV 88.8 MPH)
|
Pitching: RHP Rich Young
|
|
Batting: SHB Jamie Locke
|
0-0: Called Strike 0-1: Ball 1-1: Ball 2-1: Foul Ball, location: 2F 2-2: Strikes out swinging
|
Bottom of the 4th over - 0 runs, 1 hit, 0 errors, 1 left on base; Peoria 4 - Hartford 2 |
TOP OF THE 5TH |
Peoria Chiefs batting - Pitching for Hartford Yard Goats : RHP Sipi Kilpinen
|
Batting: RHB Mark Marks
|
0-0: Called Strike 0-1: Ball 1-1: Swinging Strike 1-2: Fly out, F7 (Flyball, 7, EV 88.8 MPH)
|
Batting: RHB Travis Leonard
|
0-0: Ball 1-0: Called Strike 1-1: Foul Ball, location: 2F 1-2: Fly out, F7 (Flyball, 7, EV 87.5 MPH)
|
Batting: LHB Jay Fenderson
|
0-0: Ball 1-0: Ball 2-0: Ball 3-0: Base on Balls
|
Batting: RHB Terry Baginski
|
0-0: Ball 1-0: Ball 2-0: Ball 3-0: Called Strike 3-1: SINGLE (Line Drive, 78S, EV 100.6 MPH) Jay Fenderson to second
|
Pitching: RHP Joe Goodale
|
|
Batting: LHB Ken Compton
|
0-0: Called Strike 0-1: Called Strike 0-2: Ball 1-2: Ground out 6-3 (Groundball, 6S, EV 92.5 MPH)
|
Top of the 5th over - 0 runs, 1 hit, 0 errors, 2 left on base; Peoria 4 - Hartford 2 |
BOTTOM OF THE 5TH |
Hartford Yard Goats batting - Pitching for Peoria Chiefs : RHP Rich Young
|
Batting: SHB Eddie Quinones
|
0-0: Ball 1-0: Called Strike 1-1: Swinging Strike 1-2: Fly out, F8 (Line Drive, 8RD, EV 90.6 MPH)
|
Batting: SHB Jon Munoz
|
0-0: Foul Ball, location: 2F 0-1: Ball 1-1: Swinging Strike 1-2: Ball 2-2: Ball 3-2: Foul Ball, location: 2F 3-2: TRIPLE (Line Drive, 78XD, EV 105.6 MPH)
|
Batting: SHB In-sung Lee
|
0-0: Fly out, F5 (Popup, 25F, EV 84.4 MPH)
|
Batting: LHB Jeremy Brammer
|
0-0: Ball 1-0: Called Strike 1-1: Fly out, F7 (Flyball, 78XD, EV 89.4 MPH)
|
Bottom of the 5th over - 0 runs, 1 hit, 0 errors, 1 left on base; Peoria 4 - Hartford 2 |
TOP OF THE 6TH |
Peoria Chiefs batting - Pitching for Hartford Yard Goats : RHP Joe Goodale
|
Batting: LHB Jayden Thomas
|
0-0: SOLO HOME RUN (Flyball, 89XD, EV 95.6 MPH), Distance : 387 ft
|
Batting: RHB Justin Reich
|
0-0: Ball 1-0: Ball 2-0: Ball 3-0: Called Strike 3-1: Fly out, F8 (Flyball, 89D, EV 101.2 MPH)
|
Batting: SHB Steve Barnett
|
0-0: Ball 1-0: Ball 2-0: Ball 3-0: Called Strike 3-1: Called Strike 3-2: Base on Balls
|
Batting: SHB Bobby O'Leary
|
0-0: Foul Ball, location: 2F 0-1: Ball 1-1: Called Strike 1-2: Fly out, F4 (Line Drive, 4, EV 68.1 MPH)
|
Batting: RHB Mark Marks
|
0-0: Called Strike 0-1: Ball 1-1: Ball 2-1: Fielders Choice at 2nd, 5-4 (Groundball, 5D, EV 93.1 MPH)
|
Top of the 6th over - 1 run, 1 hit, 0 errors, 1 left on base; Peoria 5 - Hartford 2 |
BOTTOM OF THE 6TH |
Hartford Yard Goats batting - Pitching for Peoria Chiefs : RHP Rich Young
|
Batting: RHB Justin Williams
|
0-0: Swinging Strike 0-1: Foul Ball, location: 2F 0-2: Foul Ball, location: 2F 0-2: Strikes out swinging
|
Batting: RHB Kian-tat Chen
|
0-0: Called Strike 0-1: Foul Ball, location: 2F 0-2: Ball 1-2: Foul Ball, location: 2F 1-2: Ground out 1-3 (Groundball, 34S, EV 73.8 MPH)
|
Batting: RHB Eric Garrett
|
0-0: Fly out, F9 (Flyball, 9, EV 85.6 MPH)
|
Bottom of the 6th over - 0 runs, 0 hits, 0 errors, 0 left on base; Peoria 5 - Hartford 2 |
TOP OF THE 7TH |
Peoria Chiefs batting - Pitching for Hartford Yard Goats : RHP Joe Goodale
|
Pitching: LHP Eric Zielinski
|
|
Batting: RHB Travis Leonard
|
0-0: Called Strike 0-1: Ball 1-1: Called Strike 1-2: Ball 2-2: Foul Ball, location: 2F 2-2: Strikes out swinging
|
Batting: LHB Jay Fenderson
|
0-0: Swinging Strike 0-1: Foul Ball, location: 2F 0-2: Ball 1-2: Fly out, F8 (Flyball, 8LM, EV 83.8 MPH)
|
Batting: RHB Terry Baginski
|
0-0: Ball 1-0: Ground out 4-3 (Groundball, 4, EV 101.2 MPH)
|
Top of the 7th over - 0 runs, 0 hits, 0 errors, 0 left on base; Peoria 5 - Hartford 2 |
BOTTOM OF THE 7TH |
Hartford Yard Goats batting - Pitching for Peoria Chiefs : RHP Rich Young
|
Batting: RHB Randy Breitbart
|
0-0: Ground out 4-3 (Groundball, 4, EV 105.6 MPH)
|
Batting: SHB Jamie Locke
|
0-0: Foul Ball, location: 2F 0-1: Ball 1-1: Swinging Strike 1-2: Strikes out swinging
|
Batting: SHB Eddie Quinones
|
0-0: Called Strike 0-1: Ball 1-1: Ball 2-1: Foul Ball, location: 2F 2-2: Strikes out swinging
|
Bottom of the 7th over - 0 runs, 0 hits, 0 errors, 0 left on base; Peoria 5 - Hartford 2 |
TOP OF THE 8TH |
Peoria Chiefs batting - Pitching for Hartford Yard Goats : LHP Eric Zielinski
|
Pitching: RHP Andy Marlowe
|
|
Batting: LHB Ken Compton
|
0-0: Called Strike 0-1: Ball 1-1: SINGLE (Line Drive, 78S, EV 105.6 MPH)
|
Batting: LHB Jayden Thomas
|
0-0: Sac Bunt to 2L - play at first, batter OUT! 2-3 Ken Compton to second
|
Batting: RHB Justin Reich
|
0-0: Called Strike 0-1: Fly out, F8 (Line Drive, 8LD, EV 105.6 MPH)
|
Batting: SHB Steve Barnett
|
0-0: Ball 1-0: Called Strike 1-1: Ball Ken Compton steals 3rd base (no throw) 2-1: Swinging Strike 2-2: Ground out 5-3 (Groundball, 5, EV 82.5 MPH)
|
Top of the 8th over - 0 runs, 1 hit, 0 errors, 1 left on base; Peoria 5 - Hartford 2 |
BOTTOM OF THE 8TH |
Hartford Yard Goats batting - Pitching for Peoria Chiefs : RHP Rich Young
|
Pitching: RHP Cory Falcon
|
|
Batting: SHB Jon Munoz
|
0-0: Ball 1-0: Called Strike 1-1: Ball 2-1: Foul Ball, location: 2F 2-2: Fly out, F9 (Flyball, 9S, EV 88.1 MPH)
|
Batting: SHB In-sung Lee
|
0-0: Ball 1-0: Ball 2-0: Called Strike 2-1: Ball 3-1: Called Strike 3-2: Foul Ball, location: 2F 3-2: SINGLE (Flyball, 6D, EV 93.8 MPH)
|
Batting: LHB Jeremy Brammer
|
0-0: DOUBLE (Line Drive, 78D, EV 106.2 MPH) In-sung Lee to third
|
Batting: RHB Justin Williams
|
0-0: Called Strike 0-1: Ball 1-1: Called Strike 1-2: Fly out, F8 (Flyball, 89D, EV 104.4 MPH) Runner from 3rd tags up, OUT at HOME! 8-2
|
Bottom of the 8th over - 0 runs, 2 hits, 0 errors, 1 left on base; Peoria 5 - Hartford 2 |
TOP OF THE 9TH |
Peoria Chiefs batting - Pitching for Hartford Yard Goats : RHP Andy Marlowe
|
Batting: SHB Bobby O'Leary
|
0-0: Ball 1-0: Ball 2-0: Called Strike 2-1: Ball 3-1: Foul Ball, location: 2F 3-2: Base on Balls
|
Batting: RHB Mark Marks
|
0-0: Sac Bunt to 2L - play at first, batter OUT! 2-3 Bobby O'Leary to second
|
Batting: RHB Travis Leonard
|
0-0: Ball 1-0: DOUBLE (Groundball, 5L, EV 109.4 MPH) Bobby O'Leary scores
|
Batting: LHB Jay Fenderson
|
0-0: Fly out, F8 (Flyball, 78XD, EV 108.1 MPH)
|
Batting: RHB Terry Baginski
|
0-0: Fly out, F9 (Flyball, 9LM, EV 87.5 MPH)
|
Top of the 9th over - 1 run, 1 hit, 0 errors, 1 left on base; Peoria 6 - Hartford 2 |
BOTTOM OF THE 9TH |
Hartford Yard Goats batting - Pitching for Peoria Chiefs : RHP Cory Falcon
|
Pitching: RHP Bryan Vandenburgh
|
|
Batting: RHB Kian-tat Chen
|
0-0: Ball 1-0: Ball 2-0: Ground out 4-3 (Groundball, 4M, EV 83.1 MPH)
|
Batting: RHB Eric Garrett
|
0-0: Ball 1-0: Ball 2-0: Called Strike 2-1: Ball 3-1: Swinging Strike 3-2: Foul Ball, location: 2F 3-2: Base on Balls
|
Batting: RHB Randy Breitbart
|
0-0: Swinging Strike 0-1: Ball 1-1: Called Strike 1-2: Ball 2-2: Foul Ball, location: 2F 2-2: Foul Ball, location: 2F 2-2: Strikes out swinging
|
Batting: SHB Jamie Locke
|
0-0: Foul Ball, location: 2F 0-1: Fly out, F8 (Flyball, 8RS, EV 99.4 MPH)
|
Bottom of the 9th over - 0 runs, 0 hits, 0 errors, 1 left on base; Peoria 6 - Hartford 2 |
|